 Dungeon Crawl Stone Soup version 0.27.0-1-g7a089689b8 (webtiles) character file.

Game seed: 8248922248662084749

37 mandarbmax the Cutter (level 3, -3/21 HPs)
             Began as a Kobold Gladiator on Aug 1, 2021.
             Slain by a gnoll (6 damage)
             ... on level 2 of the Dungeon.
             The game lasted 00:02:17 (1400 turns).

mandarbmax the Cutter (Kobold Gladiator)            Turns: 1400, Time: 00:02:18

Health: -3/21      AC:  4    Str: 10 (11) XL:     3   Next: 62%
Magic:  3/3        EV: 16    Int:  8 (9)  God:
Gold:   46         SH:  0    Dex: 20 (23) Spells: 2/2 levels left

rFire    . . .     SeeInvis +   a - +0 rapier
rCold    . . .     Faith    .   (shield restricted)
rNeg     . . .     Spirit   .   b - +0 leather armour
rPois    .         Reflect  .   c - +0 helmet
rElec    .         Harm     .   (no cloak)
rCorr    .         Rampage  .   (no gloves)
Will     .....                  (no boots)
Stlth    +++.......             (no amulet)
HPRegen  0.07/turn              e - +6 ring of dexterity
MPRegen  0.08/turn              f - ring of see invisible

@: no status effects
A: small, no large weapons, nightstalker 3
a: no special abilities


You were on level 2 of the Dungeon.
You visited 1 branch of the dungeon, and saw 2 of its levels.

You collected 46 gold pieces.

Inventory:

Hand Weapons
 a - a +0 rapier (weapon)
Missiles
 d - 3 throwing nets (quivered)
Armour
 b - a +0 leather armour (worn)
 c - a +0 helmet (worn)
Jewellery
 e - a +6 ring of dexterity (left hand)
 f - a ring of see invisible (right hand)
 j - a ring of flight
Scrolls
 h - a scroll of teleportation {unknown}
 i - a scroll of identify {unknown}
Potions
 l - a potion of resistance {unknown}


   Skills:
 - Level 2.1 Fighting
 * Level 5.1 Short Blades
 - Level 2.1 Throwing
 - Level 4.0 Dodging
 + Level 2.0 Stealth


You had 2 spell levels left.
You didn't know any spells.
Your spell library contained the following spells:

 Spells                   Type           Power      Damage    Failure   Level
 Sandblast                Erth           0%         2d4       52%         1


Dungeon Overview and Level Annotations

Branches:
Dungeon (2/15)

Altars:


Innate Abilities, Weirdness & Mutations

You are small and have problems with some larger weapons.
You are completely attuned to the shadows.


Message History

No target in view!
No target in view!
No target in view!
No target in view!
The gnoll hits you with a +0 whip.
The gnoll shouts!
You hit the gnoll but do no damage.
You hear a shout!
The gnoll closely misses you. x2
You hear a shout!
You hit the gnoll.
The gnoll is moderately wounded.
The gnoll hits you with a +0 whip.
You puncture the gnoll!
The gnoll is almost dead.
The gnoll barely misses you. The gnoll hits you with a +0 whip.
You hit the gnoll.
You kill the gnoll!
The gnoll misses you.
A giant cockroach comes into view.
Your Short Blades skill increases to level 5!
Your Stealth skill increases to level 2!
The gnoll barely misses you.
You see here a +0 whip.
The gnoll shouts!
You hit the gnoll.
The gnoll is moderately wounded.
You hear a shout!
The gnoll hits you with a +0 spear. The gnoll hits you with a +0 flail!
As you read the scroll labelled UMYG LUALIRO, it crumbles to dust.
The creatures around you are filled with an inner flame!
It was a scroll of immolation.
The gnoll hits you with a +0 spear.
* * * LOW HITPOINT WARNING * * *
The gnoll completely misses you. The gnoll barely misses you.
It was a potion of degeneration.
There was something very wrong with that liquid.
You feel weakened.
You feel dopey.
You feel clumsy. The gnoll barely misses you. The gnoll closely misses you.
The gnoll hits you from afar with a +0 spear.
You die...

###.....# ......#.#
....#.#.#
###############.#.#
.#.....#.........#.#
........)#######.#.####
.#.......# .........'
....†#.#.# ######.####
#...(.#.#.# #.g@.gB#
..##..#...# .#.#g##....
#.....######.# #...##.#
......#......# ###. .#
.........>.... ..
#.......#.###### #..
###.###........# #.. #.
...#.####.# .###.. #.
...#.#....# ......


You could see 3 gnolls and a giant cockroach (inner flame).

Vanquished Creatures
  A gnoll (D:2)
  A dart slug (D:1)
  A giant cockroach (D:2)
  A goblin (D:1)
  5 hobgoblins
  2 jackals (D:1)
  3 kobolds
  4 bats
  5 frilled lizards
  2 rats
25 creatures vanquished.

Vanquished Creatures (others)
  A plant (D:2)
1 creature vanquished.

Grand Total: 26 creatures vanquished

Notes
Turn   | Place    | Note
-------+----------+-------------------------------------------
     0 | D:1      | mandarbmax the Kobold Gladiator began the quest for the
                  | Orb.
     0 | D:1      | Reached XP level 1. HP: 12/12 MP: 1/1
   435 | D:1      | Reached XP level 2. HP: 17/17 MP: 2/2
   455 | D:1      | Reached skill level 1 in Stealth
   968 | D:2      | Reached XP level 3. HP: 21/21 MP: 3/3
  1027 | D:2      | Found a faded altar of an unknown god.
  1031 | D:2      | Got Plato's Almanac of Stones
  1397 | D:2      | Reached skill level 5 in Short Blades
  1400 | D:2      | Slain by a gnoll

Illustrated notes

Levels and vault maps discovered:
D:1:      nagdon_arrival_zigzag_paths, layout_basic, minmay_misc_feat_pillars
D:2:      layout_basic, shapermc_ecumenical_altar_rom_forum,
          kennysheep_jessica_study

Skill      XL: |  1  2  3 |
---------------+----------+-----
Stealth        | 1 2 |  2.0
Dodging        | 4 |  4.0
Short Blades   | 5 |  5.1
Fighting       | |  2.1
Throwing       | |  2.1

Action                   || total
-------------------------++-------
Melee: Rapier            ||    57
  Use: Scroll            ||     1
       Potion            ||     1
 Stab: Sleeping          ||     7
       Distracted        ||     1
Armor: Leather armour    ||     2
Dodge: Dodged            ||    47
